 Dungeon Crawl Stone Soup version 0.24-b1 (webtiles) character file.

Game seed: 6684646753509254253, levelgen mode: deterministic

34 CryoSword the Skirmisher (level 3, -6/29 HPs)
             Began as a Demonspawn Fighter on Oct 12, 2019.
             Killed from afar by Sigmund (10 damage)
             ... with a puff of flame
             ... on level 2 of the Dungeon.
             The game lasted 00:02:06 (1220 turns).

CryoSword the Skirmisher (Demonspawn Fighter)       Turns: 1220, Time: 00:02:06

Health: -6/29      AC:  6    Str: 17    XL:     3   Next: 14%
Magic:  3/3        EV:  9    Int:  9    God:
Gold:   30         SH:  0    Dex: 12    Spells: 2/2 levels left

rFire    . . .     SeeInvis .   i - +4 dagger (flame)
rCold    . . .     Gourm    .   (no shield)
rNeg     . . .     Faith    .   b - +0 scale mail
rPois    .         Spirit   .   (helmet restricted)
rElec    .         Reflect  .   e - scarf {repulsion}
rCorr    .         Harm     .   (no gloves)
MR       .....                  (no boots)
Stlth    +.........             (no amulet)
HPRegen  0.09/turn              l - ring of stealth
MPRegen  0.08/turn              (no ring)

@: repel missiles
A: antennae 1
a: no special abilities


You were on level 2 of the Dungeon.
You were not hungry.

You visited 1 branch of the dungeon, and saw 2 of its levels.

You collected 30 gold pieces.

Inventory:

Hand Weapons
 a - a +0 long sword
 i - a +4 dagger of flaming (weapon)
   (You took it off a goblin on level 1 of the Dungeon)
Missiles
 j - 65 stones (quivered)
Armour
 b - a +0 scale mail (worn)
 c - a +0 shield
 e - a scarf of repulsion (worn)
   (You found it on level 1 of the Dungeon)
Jewellery
 l - a ring of stealth (left hand)
   (You found it on level 1 of the Dungeon)
Scrolls
 g - a scroll of amnesia {unknown}
 h - a scroll of enchant armour {unknown}
 m - a scroll of fear {unknown}
 n - a scroll of magic mapping {unknown}
Potions
 d - a potion of might
 k - a potion of invisibility {unknown}
Comestibles
 f - 4 rations {!d}


   Skills:
 + Level 3.3 Fighting
 * Level 2.6 Long Blades
 - Level 2.6 Armour
 + Level 3.0 Shields


You had 2 spell levels left.
You didn't know any spells.
Your spell library was empty.

Dungeon Overview and Level Annotations

Branches:
Dungeon (2/15)

Altars:

Annotations:
D:2 Sigmund


Innate Abilities, Weirdness & Mutations

You have a pair of small antennae on your head.


Message History

You puncture the goblin! You burn the goblin.
You kill the goblin!
The goblin completely misses you.
You hit the goblin. You burn the goblin.
You kill the goblin!
No target in view!
No target in view!
j - 64 stones (gained 22)
You see here a +0 hunting sling.
j - 65 stones (gained 1)
There is a stone staircase leading up here.
A hobgoblin comes into view.
The hobgoblin shouts!
A hobgoblin is nearby!
A hobgoblin is nearby!
You hit the hobgoblin but do no damage. The hobgoblin closely misses you.
You hit the hobgoblin. You burn the hobgoblin.
The hobgoblin is moderately wounded.
The hobgoblin hits you but does no damage.
You hit the hobgoblin. You burn the hobgoblin.
The hobgoblin is severely wounded.
The hobgoblin hits you.
You closely miss the hobgoblin.
The hobgoblin is severely wounded.
The hobgoblin hits you but does no damage.
You closely miss the hobgoblin.
The hobgoblin is severely wounded.
The hobgoblin hits you.
You hit the hobgoblin. You burn the hobgoblin.
You kill the hobgoblin!
No target in view!
No target in view!
Eating one of 4 chunks of flesh.
You eat one of the 4 chunks of flesh.
This raw flesh tastes terrible.
HP restored.
Some of the chunks of flesh in your inventory have rotted away.
Found a stone staircase leading down.
All of the chunks of flesh in your inventory have rotted away.
g - a scroll labeled UTOUZAGYIR You open the door.
Found a scroll labeled COAGUT PYSIPA.
Found a stone staircase leading down.
There is an open door here.
m - a scroll labeled COAGUT PYSIPA
n - a scroll labeled NEMPEH PEON You open the door.
There is an open door here.
f - 4 rations {!d} (gained 1)
You now have 30 gold pieces (gained 9).
A frilled lizard, a bat and Sigmund come into view.
Sigmund shouts!
Sigmund gestures wildly while chanting.
Sigmund flickers and vanishes!
Deactivating autopickup; reactivate with Ctrl-A.
The frilled lizard moves out of view.
The bat hits you but does no damage. The bat hits you.
The bat hits you but does no damage.
You hit the bat but do no damage. The bat hits you but does no damage.
The bat hits you but does no damage. The bat hits you but does no damage.
The bat hits you but does no damage. The bat completely misses you.
You hit the bat. You burn the bat.
The bat is severely wounded.
The bat hits you but does no damage. x2
Your scale mail prevents you from hitting the bat.
The bat is severely wounded.
The bat hits you. The bat barely misses you.
The bat hits you but does no damage. The bat hits you but does no damage.
You hit the bat. You burn the bat.
You kill the bat!
Something completely misses you.
You hit something. You burn something.
Your scale mail prevents you from hitting something.
Something hits you!
You barely miss something. Something hits you but does no damage.
You miss something. You hit something. You burn something.
You hear some strange, mumbled words.
A magic dart appears from out of thin air!
The magic dart hits you but does no damage.
You hit something. You burn something.
You hear some strange, mumbled words.
Something tries to affect you, but you resist.
You hit something. You burn something. Something completely misses you.
You hit something. You burn something. You hit something. You burn something.
Something hits you!
* * * LOW HITPOINT WARNING * * *
You closely miss something. Something hits you but does no damage.
You barely miss something. You hit something but do no damage.
You hear some strange, mumbled words.
A magic dart appears from out of thin air!
The magic dart hits you!
* * * LOW HITPOINT WARNING * * *
You miss something.
You hear some strange, mumbled words.
A puff of flame appears from out of thin air!
The puff of flame hits you!
You die...

#.# #.# ###.#######
####### ...........
.....## ###.#######
......####.# # ##...##
#.##.........# #.....#
# ##.##...# .#. ##...##
#.##..##...# #.. ##.##
#....@{....# .. #.#
#.##.####..# .# . #.#
#..........##.##....
##'##
####.#####..{....#
##...## #.# #.##..###
#.....## ###.# #.# ..#
.......## ##.#.# #.#
.b..
........####....### #.#
#..{.
........'..............
......


There were no monsters in sight!

Vanquished Creatures
  A dart slug (D:1)
  8 bats
  A giant cockroach (D:1)
  6 hobgoblins
  3 frilled lizards (D:1)
  4 goblins
  3 kobolds (D:1)
  4 rats (D:1)
30 creatures vanquished.

Notes
Turn   | Place    | Note
-------+----------+-------------------------------------------
     0 | D:1      | CryoSword the Demonspawn Fighter began the quest for the
                  | Orb.
     0 | D:1      | Reached XP level 1. HP: 18/18 MP: 1/1
   438 | D:1      | Gained mutation: You have a pair of small antennae on your
                  | head. [demonic ancestry]
   438 | D:1      | Reached XP level 2. HP: 23/24 MP: 2/2
  1001 | D:1      | Reached XP level 3. HP: 29/29 MP: 3/3
  1193 | D:2      | Noticed Sigmund
  1220 | D:2      | Killed from afar by Sigmund

Skill      XL: |  1  2 |
---------------+-------+-----
Long Blades    | 2 |  2.6
Shields        | 3 |  3.0
Fighting       | |  3.3
Armour         | |  2.6

Action                   || total
-------------------------++-------
Melee: Long sword        ||    29
       Dagger            ||    54
  Eat: Chunk             ||     1
Armor: Scale mail        ||    54
Dodge: Dodged            ||    46
       Deflected         ||     2
       Rpst.: Long sword ||     8
